 Dungeon Crawl Stone Soup version 0.30-a0-782-ge64f9170bb (webtiles) character file.

Game seed: 8479681010040653325

9681 vineage the Fighter (level 11, -3/51 HPs)
             Began as a Gargoyle Fighter on Mar 17, 2023.
             Was a High Priest of Okawaru.
             Slain by a large abomination (14 damage)
             ... on level 2 of the Abyss.
             The game lasted 00:16:33 (11148 turns).

vineage the Fighter (Gargoyle Fighter)             Turns: 11148, Time: 00:16:34

Health: -3/51      AC: 23    Str: 26      XL:     11   Next: 50%
Magic:  9/9        EV:  7    Int:  7 (8)  God:    Okawaru [*****.]
Gold:   494        SH: 12    Dex:  5 (6)  Spells: 10/10 levels left

rFire   + . .      SeeInvis .    z - +3 flail
rCold   x x .      Faith    .    E - +0 tower shield
rNeg    + . .      Spirit   .    f - +4 scale mail {rF+}
rPois   ∞          Reflect  .    l - +0 helmet
rElec   +          Harm     .    (no cloak)
rCorr   .          Rampage  .    (no gloves)
Will    .....      Rage     9%   j - +0 pair of boots Stlth
                                 (no amulet)
HPRegen 0.28/turn                y - +6 ring of strength
MPRegen 0.11/turn                (no ring)

@: unable to read, unable to drink
A: sickness immunity, AC +8, negative energy resistance 1, electricity
resistance, torment resistance 1, petrification resistance, clever 1, noise
suppression, [berserk 2], [clumsy 2], [deterioration 2], [dopey 2], [frail 3],
[low MP 3], [screaming 1], ([teleportitis 2]), [weak 1], [cold vulnerability 2],
[subdued magic 2], [inability to drink after injury 2], [inability to read after
injury 2]
a: Renounce Religion, Heroism, Finesse, Duel


You were on level 2 of the Abyss.
You worshipped Okawaru.
Okawaru was extremely pleased with you.
You visited 1 branch of the dungeon, and saw 10 of its levels.
You visited the Abyss 2 times.
You also visited: Sewer.

You collected 494 gold pieces.

Inventory:

Hand Weapons
 z - a +3 flail (weapon)
Missiles
 r - a throwing net (quivered)
Armour
 f - a +4 scale mail of fire resistance (worn)
 j - a +0 pair of boots (worn)
 l - a +0 helmet (worn)
 E - a +0 tower shield (worn)
Jewellery
 c - a +6 ring of intelligence
 y - a +6 ring of strength (left hand)
Scrolls
 b - a scroll of identify
 e - a scroll of enchant weapon
 h - a scroll of teleportation
 n - a scroll of fear
 q - 2 scrolls of fog
 s - 3 scrolls of enchant armour
Potions
 a - a potion of cancellation
 d - 4 potions of might
 g - 3 potions of attraction
 k - 2 potions of haste
 m - 2 potions of invisibility
 p - 2 potions of magic
 t - 2 potions of brilliance
 x - a potion of berserk rage


   Skills:
 + Level 11.2 Fighting
 + Level 10.1 Maces & Flails
 + Level 9.6 Armour
 + Level 8.0 Shields
 - Level 3.4 Invocations


You had 10 spell levels left.
You didn't know any spells.
Your spell library contained the following spells:

 Spells                   Type           Power      Damage    Failure   Level
 Sandblast                Erth           0%         2d4       99%         1
 Passwall                 Tmut/Erth      0%         N/A       100%        2
 Poisonous Vapours        Pois/Air       0%         N/A       100%        2
 Mephitic Cloud           Conj/Pois/Air  0%         N/A       100%        3
 Portal Projectile        Hex/Tloc       0%         N/A       100%        3
 Stone Arrow              Conj/Erth      0%         3d7       100%        3
 Dispersal                Tloc           0%         N/A       100%        6
 Eringya's Noxious Bog    Tmut/Pois      0%         N/A       100%        6
 Cigotuvi's Dreadful Rot  Necr/Pois/Air  Unusable   N/A       N/A         2
 Summon Forest            Summ/Tloc      Unusable   N/A       N/A         5
 Summon Hydra             Summ           Unusable   N/A       N/A         7

Dungeon Overview and Level Annotations

Branches:
Dungeon (10/15)            Temple (0/1) D:5            Lair (0/5) D:9
  Sewer (visited)
    Orc: D:9-12

Altars:
Elyvilon
Hepliaklqana
Kikubaaqudgha
Nemelex Xobeh
Okawaru
Ru
Uskayaw
Vehumet

Shops:
D:6 ?   D:7 [

Annotations:
D:9 3 runed translucent doors, exclusion: orange crystal statue, Erolcha


Innate Abilities, Weirdness & Mutations

You are immune to sickness and miasma.
Your stone body is resilient. (AC +8)
You are immune to poison.
You resist negative energy. (rN+)
You are resistant to electric shocks. (rElec)
You are resistant to unholy torment.
You are immune to petrification.
Your mind is acute. (Int +4, Str/Dex -1)
You passively dampen the noise of your surroundings.
[You have an uncontrollable temper.]
[You are very clumsy. (Dex -4)]
[Your body often deteriorates upon taking damage.]
[You are very dopey. (Int -4)]
[You are extremely frail. (-30% HP)]
[Your magical capacity is extremely low. (-30% MP)]
[You occasionally shout uncontrollably at your foes.]
[((You are often teleported next to monsters.))]
[You are weak. (Str -2)]
[You are very vulnerable to cold. (rC--)]
[Your spells are easier to cast, but less powerful.]
[You sometimes lose the ability to drink potions when taking damage.]
[You sometimes lose the ability to read scrolls when taking damage.]


Message History

You cannot drink potions in your current state!
You can drink potions again.
You see here 3 javelins.
Really quaff the potion of mutation?
You feel extremely strange.
Your body's shape seems more normal.
You feel stronger.
Your large bone plates disappear.
Your urge to scream lessens.
You feel better.
A large abomination comes into view.
You sock the large abomination!
The large abomination is moderately damaged.
The large abomination barely misses you.
You hit the large abomination but do no damage.
The large abomination is moderately damaged.
The large abomination hits you!
You feel threatened and lose the ability to read scrolls!
You feel threatened and lose the ability to drink potions!
You are too injured to fight recklessly!
You are too injured to fight recklessly!
You are too injured to fight recklessly!
You are too injured to fight recklessly!
You are too injured to fight recklessly!
You are too injured to fight recklessly!
You are too injured to fight recklessly!
You are too injured to fight recklessly!
You are too injured to fight recklessly!
You are too injured to fight recklessly!
You are too injured to fight recklessly!
You hit the large abomination.
The large abomination is moderately damaged.
The large abomination hits you!
* * * LOW HITPOINT WARNING * * *
You completely miss the large abomination.
The large abomination is moderately damaged.
You block the large abomination's attack.
You sock the large abomination!
The large abomination is heavily damaged.
The large abomination hits you but does no damage.
The large abomination hits you!
You die...

###### #....#
#....## ### #
#............#
##.###.....#.#
#.######. #(#
#..# #.####
##@# # ..#
#X....### # #
#..##§# #
##..## . ...
#... ##. # .
...... .... .
#.#.# . E
..#.# .# .. .
. . .


You could see a large abomination.

Vanquished Creatures
  Erica (D:9)
  A thrashing horror (Abyss:2)
  A wretched star (Abyss:2)
  An ugly thing (D:9)
  A large abomination (Abyss:2)
  Maggie (D:8)
  Prince Ribbit (D:5)
  Grinder (D:3)
  3 shadows
  13 yaks
  Eustachio (D:6)
  Grum (D:8)
  2 steam dragons (D:7)
  3 water moccasins
  Duvessa (D:5)
  2 orc warriors
  3 wolves (D:8)
  An ogre (D:7)
  A small abomination (Abyss:2)
  2 centaurs
  A kobold brigand (D:7)
  Blork the orc (D:5)
  3 bullfrogs
  A necrophage (D:6)
  2 scorpions
  11 wights
  Dowan (D:5)
  17 killer bees
  2 howler monkeys (D:5)
  4 orc priests
  2 hounds
  A jelly (D:6)
  2 iguanas
  2 orc wizards (D:8)
  Ijyb (D:5)
  9 adders
  8 river rats (Sewer)
  4 gnolls (D:6)
  A shadow imp (D:7)
  A white imp (D:6)
  An ufetubus (D:9)
  3 worms
  2 dart slugs
  28 orcs
  18 ball pythons
  2 bats (D:1)
  7 endoplasms
  3 giant cockroaches
  5 hobgoblins
  5 jackals
  5 quokkas
  8 frilled lizards
  6 goblins
  17 kobolds
  32 rats
257 creatures vanquished.

Notes
Turn   | Place    | Note
-------+----------+-------------------------------------------
     0 | D:1      | vineage the Gargoyle Fighter began the quest for the Orb.
     0 | D:1      | Reached XP level 1. HP: 14/14 MP: 1/1
   190 | D:1      | Reached XP level 2. HP: 19/19 MP: 2/2
   715 | D:1      | Reached XP level 3. HP: 19/24 MP: 3/3
  1185 | D:2      | Reached skill level 4 in Fighting
  1373 | D:2      | Identified the +6 dagger of the Eternal Warrior {protect,
                  | rF+ rN+}
  1483 | D:2      | Gained mutation: [You occasionally shout uncontrollably at
                  | your foes.] [potion of mutation]
  1483 | D:2      | Gained mutation: You have a somewhat thin skeletal
                  | structure. (Dex +2, Stealth+) [potion of mutation]
  1483 | D:2      | Gained mutation: You passively map a small area around you.
                  | [potion of mutation]
  1484 | D:2      | Lost mutation: You have a somewhat thin skeletal structure.
                  | (Dex +2, Stealth+) [potion of mutation]
  1484 | D:2      | Lost mutation: You passively map a small area around you.
                  | [potion of mutation]
  1484 | D:2      | Gained mutation: Your flesh is heat resistant. (rF+)
                  | [potion of mutation]
  1484 | D:2      | Gained mutation: You have a pair of small horns on your
                  | head. [potion of mutation]
  1512 | D:2      | Reached XP level 4. HP: 30/30 MP: 4/4
  1934 | D:3      | Got the Secrets of Shifting
  2039 | D:3      | Noticed Grinder
  2060 | D:3      | Killed Grinder
  2061 | D:3      | Reached skill level 5 in Fighting
  2061 | D:3      | Reached XP level 5. HP: 20/36 MP: 5/5
  2061 | D:3      | Reached XP level 6. HP: 23/41 MP: 6/6
  2432 | D:3      | You fall into a shaft and drop 3 floors!
  2505 | D:5      | Entered Level 5 of the Dungeon
  2528 | D:5      | Reached skill level 6 in Fighting
  2528 | D:5      | Reached skill level 5 in Maces & Flails
  2538 | D:5      | Found a glowing drain.
  2548 | Sewer    | Entered a sewer
  2777 | Sewer    | Reached XP level 7. HP: 41/47 MP: 7/7
  2969 | Sewer    | Reached skill level 7 in Fighting
  3564 | D:4      | Reached XP level 8. HP: 53/53 MP: 8/8
  4752 | D:5      | Noticed Ijyb
  4775 | D:5      | Killed Ijyb
  4982 | D:5      | Found a staircase to the Ecumenical Temple.
  5012 | D:5      | Noticed Duvessa
  5012 | D:5      | Noticed Dowan
  5012 | D:5      | Noticed Blork the orc
  5025 | D:5      | Killed Duvessa
  5027 | D:5      | Killed Blork the orc
  5028 | D:5      | Reached skill level 8 in Fighting
  5034 | D:5      | Killed Dowan
  5137 | D:5      | Noticed Prince Ribbit
  5149 | D:5      | Killed Prince Ribbit
  5497 | D:6      | Found an ancient bone altar of Kikubaaqudgha.
  5532 | D:6      | Noticed Eustachio
  5569 | D:6      | Killed Eustachio
  5753 | D:6      | Reached XP level 9. HP: 54/60 MP: 9/9
  5850 | D:6      | Found an iron altar of Okawaru.
  5877 | D:6      | Became a worshipper of Warmaster Okawaru
  6020 | D:6      | Found Pyulinea's Magic Scroll Emporium.
  6040 | D:6      | Reached skill level 5 in Armour
  6040 | D:6      | Reached skill level 5 in Shields
  6063 | D:6      | Reached skill level 9 in Fighting
  6417 | D:6      | Reached * piety under Okawaru
  6419 | D:6      | HP: 1/60 [wight/+5 trident (7)]
  6699 | D:6      | Found a hazy altar of Hepliaklqana.
  6974 | D:7      | Found a radiant altar of Vehumet.
  7064 | D:7      | Found Ykhliemes's Antique Armour Shop.
  7080 | D:7      | Reached skill level 1 in Invocations
  7221 | D:7      | Reached XP level 10. HP: 32/66 MP: 11/11
  7590 | D:8      | Lost mutation: Your flesh is heat resistant. (rF+) [potion
                  | of mutation]
  7590 | D:8      | Lost mutation: You have a pair of small horns on your head.
                  | [potion of mutation]
  7590 | D:8      | Gained mutation: Your mind is acute. (Int +4, Str/Dex -1)
                  | [potion of mutation]
  7590 | D:8      | Gained mutation: You are partially covered in large bone
                  | plates. (SH +4) [potion of mutation]
  7698 | D:8      | Reached ** piety under Okawaru
  8003 | D:8      | Noticed Grum
  8342 | D:8      | Noticed Maggie
  8364 | Abyss:1  | Cast into level 1 of the Abyss (Maggie)
  8379 | D:8      | Escaped the Abyss
  8398 | D:8      | Killed Maggie
  8398 | D:8      | Reached *** piety under Okawaru
  8399 | D:8      | Reached skill level 10 in Fighting
  8442 | D:8      | Identified the +5 dagger of Dismay {venom, rC+ Str+5 Dex-5}
  8601 | D:8      | Found a sparkling altar of Nemelex Xobeh.
  8897 | D:8      | Killed Grum
  9405 | D:9      | Noticed a +0 hand axe
  9407 | D:9      | Found a hide-covered altar of Uskayaw.
  9407 | D:9      | Noticed a +0 dagger
  9476 | D:9      | Reached **** piety under Okawaru
  9575 | D:9      | Found a sacrificial altar of Ru.
  9641 | D:9      | Reached XP level 11. HP: 62/73 MP: 13/13
  9728 | D:9      | Found a staircase to the Lair.
  9898 | D:9      | Found a runed translucent door.
  9924 | D:9      | Found a runed translucent door.
  9925 | D:9      | Noticed Erica
  9947 | D:9      | Killed Erica
 10021 | D:9      | Found a runed translucent door.
 10035 | D:9      | Found a white marble altar of Elyvilon.
 10064 | D:9      | Found a runed translucent door.
 10369 | D:9      | Noticed an orange crystal statue
 10670 | D:10     | Entered Level 10 of the Dungeon
 10670 | D:10     | Noticed a white ugly thing
 10675 | D:10     | Noticed Erolcha
 10690 | D:9      | Killed a white ugly thing
 10691 | D:9      | Reached skill level 11 in Fighting
 10942 | Abyss:2  | Cast into level 2 of the Abyss (Erolcha)
 10973 | Abyss:2  | Noticed a large abomination
 10973 | Abyss:2  | Gained mutation: You passively dampen the noise of your
                  | surroundings. [a neqoxec]
 10978 | Abyss:2  | Gained mutation: [You are weak. (Str -2)] [a neqoxec]
 10980 | Abyss:2  | Killed a large abomination
 10980 | Abyss:2  | Gained mutation: Armour fits poorly on your strangely
                  | shaped body. [a neqoxec]
 11016 | Abyss:2  | Noticed a thrashing horror
 11023 | Abyss:2  | Found a corrupted altar of Lugonu.
 11061 | Abyss:2  | Noticed a wretched star
 11064 | Abyss:2  | Found a corrupted altar of Lugonu.
 11088 | Abyss:2  | Killed a thrashing horror
 11088 | Abyss:2  | Reached ***** piety under Okawaru
 11088 | Abyss:2  | Received a gift from Okawaru
 11089 | Abyss:2  | Reached skill level 10 in Maces & Flails
 11123 | Abyss:2  | Killed a wretched star
 11126 | Abyss:2  | Lost mutation: Armour fits poorly on your strangely shaped
                  | body. [potion of mutation]
 11126 | Abyss:2  | Lost mutation: [You are very weak. (Str -4)] [potion of
                  | mutation]
 11126 | Abyss:2  | Lost mutation: You are partially covered in large bone
                  | plates. (SH +4) [potion of mutation]
 11126 | Abyss:2  | Lost mutation: [You frequently scream uncontrollably at
                  | your foes.] [potion of mutation]
 11148 | Abyss:2  | Slain by a large abomination

Illustrated notes

Levels and vault maps discovered:
D:1:      mainiacjoe_arrival_reflecting_pool, layout_basic
D:2:      layout_basic
D:3:      layout_basic, serial_glass, glass_columns_c, glass_columns_a,
          uniq_grinder
D:4:      layout_basic
D:5:      layout_loops_corners, minmay_temple_entry_arrows,
          cheibrodos_sewer_entry_sluice, uniq_duvessa, uniq_prince_ribbit1,
          uniq_blork_the_orc, uniq_ijyb
D:6:      layout_basic, kennysheep_mini_moat, okawaru_altar_gauntlet_db,
          mainiacjoe_overflow_boulevard, serial_shops, nicolae_take_the_stairs,
          amcnicky_mini_pool_medium, uniq_eustachio
D:7:      layout_rooms, vehumet_altar_wand_db, serial_shops, shop
D:8:      layout_rooms, nemelex_xobeh_ov_fountains_minmay,
          kennysheep_generic_room_10, uniq_maggie, uniq_grum
D:9:      layout_loops_ring, nicolae_ru_awakened_eye, elyvilon_altar_5,
          dancing_weapons_uskayaw, dk_noncrumbling_4,
          minmay_statue_crystal_thing, uniq_erica
D:10:     layout_loops_ring, lemuel_coloured_pillars_altar, serial_ice,
          serial_ice_n, serial_ice_e, serial_ice_l, serial_ice_o, uniq_erolcha
Abyss:2:  base: D:8, hangedman_abyss_mock_shop, hangedman_abyss_mock_shop

Skill      XL: |  1  2  3  4  5  6  7  8  9 10 11 |
---------------+----------------------------------+-----
Fighting       | 4 5 6 7 8 9 10 11 | 11.2
Maces & Flails | 3 4 5 6 7 8 9 10 | 10.1
Shields        | 4 6 7 8 |  8.0
Armour         | 4 6 8 9 |  9.6
Invocations    | 2 3 |  3.4

Action                     |  1- 3 |  4- 6 |  7- 9 | 10-12 || total
---------------------------+-------+-------+-------+-------++-------
  Melee: Flail             |   127 |   127 |   355 |   307 ||   916
         Headbutt          |       |    15 |    70 |     4 ||    89
         Dire flail        |       |       |    48 |   108 ||   156
 Invoke: Heroism           |       |       |       |     4 ||     4
    Use: Scroll            |     7 |       |     8 |     8 ||    23
         Potion            |     2 |       |     7 |     9 ||    18
 Armour: Scale mail        |    27 |       |       |   131 ||   158
         Chain mail        |    75 |       |       |       ||    75
         Plate armour      |       |    63 |   396 |    98 ||   557
  Dodge: Dodged            |    78 |    23 |   145 |   152 ||   398
  Block: Buckler           |    29 |    16 |   108 |    96 ||   249
         Other             |       |       |       |    19 ||    19
         Tower shield      |       |       |       |   147 ||   147

Table legend: (Time is in decaauts)
 A = Elapsed time spent in this place.
 B = Non-inter-level travel time spent in this place.
 C = Inter-level travel time spent in this place.
 D = Time resting spent in this place.
 E = Time spent auto-exploring this place.
 F = Levels seen in this place.
 G = Mean time per level.
                   A        B        C        D        E       F      G
               +--------+--------+--------+--------+--------+-----+--------+
         Total |  11286 |  10691 |    595 |   2162 |   6255 |  13 |  868.2 |
       Dungeon |  10285 |   9690 |    595 |   1868 |   6033 |  10 | 1028.5 |
         Abyss |    222 |    222 |      0 |      0 |      0 |   2 |  111.0 |
         Sewer |    778 |    778 |      0 |    294 |    222 |   1 |  778.0 |
               +--------+--------+--------+--------+--------+-----+--------+

Top non-repeatable levels by time:
     D:6: 1626 daAuts
     D:9: 1551 daAuts
     D:8: 1374 daAuts
     D:1: 1178 daAuts
     D:5: 1116 daAuts
     D:4: 1053 daAuts
     D:7: 868 daAuts
   Sewer: 778 daAuts
     D:3: 750 daAuts
     D:2: 736 daAuts
 Abyss:2: 207 daAuts
    D:10: 29 daAuts
 Abyss:1: 14 daAuts
